 Dungeon Crawl Stone Soup version 0.26.1-11-gd32895ea62 (webtiles) character file.

Game seed: 6886146159233896903

3209 CrypticCrinoid the Cleaver (level 9, 0/117 HPs)
             Began as a Minotaur Berserker on Apr 19, 2021.
             Was an Elder of Trog.
             Slain by a two-headed ogre
             ... wielding a +0 great mace
              (11 damage)
             ... on level 8 of the Dungeon on Apr 21, 2021.
             The game lasted 00:19:43 (7358 turns).

CrypticCrinoid the Cleaver (Minotaur Berserker)     Turns: 7358, Time: 00:19:43

Health: 0/117      AC: 18    Str: 23    XL:     9   Next: 65%
Magic:  0/8        EV:  7    Int:  4    God:    Trog [****..]
Gold:   166        SH: 17    Dex: 10    Spells: 8/8 levels left

rFire    + . .     SeeInvis .   a - +0 hand axe
rCold    x . .     Faith    .   d - +0 tower shield
rNeg     + + .     Spirit   +   E - +2 chain mail {rF+}
rPois    +         Reflect  .   (helmet restricted)
rElec    +         Harm     .   (no cloak)
rCorr    .         Rampage  +   z - +0 pair of gloves "Ridim" {Rampage rC- Will+ Slay+3}
Will     +....                  F - +0 pair of boots
Stlth    ..........             e - amulet "Viaru" {Spirit rElec rPois rN++ Str-2}
HPRegen  0.29/turn              f - ring of flight
MPRegen  0.11/turn              n - +4 ring of protection

@: berserking, lethally poisoned (0 -> 0), very quick
A: retaliatory headbutt, horns 2
a: Renounce Religion, Evoke Flight, Berserk, Trog's Hand, Brothers in Arms


You were on level 8 of the Dungeon.
You worshipped Trog.
Trog was greatly pleased with you.
You visited 1 branch of the dungeon, and saw 8 of its levels.

You collected 413 gold pieces.
You spent 247 gold pieces at shops.

Inventory:

Hand Weapons
 a - a +0 hand axe (weapon)
 G - the +7 Singing Sword {vorpal, sonic wave}
   (You found it on level 7 of the Dungeon)

   It inflicts extra damage upon your enemies.
Armour
 d - a +0 tower shield (worn)
 z - the +0 pair of gloves "Ridim" (worn) {Rampage rC- Will+ Slay+3}
   (You bought it in a shop on level 4 of the Dungeon)

   It affects your accuracy and damage with ranged weapons and melee attacks
   (+3).
   It makes you vulnerable to cold.
   It affects your willpower, your defense against some magical effects.
   It bestows one free step when moving towards enemies.
 E - a +2 chain mail of fire resistance (worn)
 F - a +0 pair of boots (worn)
 H - a cursed +0 plate armour
Jewellery
 e - the amulet "Viaru" (around neck) {Spirit rElec rPois rN++ Str-2}
   (You found it on level 6 of the Dungeon)

   [amulet of guardian spirit]

   It causes incoming damage to be split between your health and magic.
   It affects your strength (-2).
   It insulates you from electricity.
   It protects you from poison.
   It greatly protects you from negative energy.
 f - a ring of flight (left hand)
 m - an uncursed ring of poison resistance
 n - a +4 ring of protection (right hand)
 I - an uncursed amulet of faith {unknown}
Wands
 q - a wand of digging (3)
 v - a wand of disintegration (10)
 B - a wand of flame (18)
Scrolls
 b - 5 scrolls of teleportation
 i - 4 scrolls of remove curse
 l - a scroll of random uselessness {unknown}
 r - 3 scrolls of identify
 s - a scroll of enchant armour {unknown}
 t - 2 scrolls of magic mapping
 u - a scroll of fog
 w - 3 scrolls of immolation {unknown}
 x - 3 scrolls of noise {unknown}
 y - a scroll of fear {unknown}
 C - 2 scrolls of enchant weapon {unknown}
 D - a scroll of brand weapon {unknown}
Potions
 c - 2 potions of flight
 g - 6 potions of curing
 h - 3 potions of brilliance {unknown}
 j - 2 potions of attraction
 k - a potion of berserk rage
 o - a potion of degeneration {unknown}
 p - 4 potions of haste
 A - 2 potions of lignification {unknown}


   Skills:
 * Level 6.5 Fighting
 * Level 10.1 Axes
 * Level 6.4 Armour
 * Level 5.1 Dodging
 + Level 0.2 Stealth
 * Level 9.1 Shields


You had 8 spell levels left.
You didn't know any spells.
Your spell library was empty.

Dungeon Overview and Level Annotations

Branches:
Dungeon (8/15)             Temple (0/1) D:6
   Lair: D:8-11

Altars:
Cheibriados
Fedhas
Kikubaaqudgha
Nemelex Xobeh
Trog
Uskayaw
Wu Jian
Yredelemnul

Shops:
D:4 *

Annotations:
D:8 2 transporters, Shadow29844's ghost, novice MiFi


Innate Abilities, Weirdness & Mutations

You reflexively headbutt those who attack you in melee.
You have a pair of horns on your head.


Message History

You hit the two-headed ogre. You headbutt the two-headed ogre.
The two-headed ogre is moderately wounded.
You hit the killer bee. You block the killer bee's attack.
The two-headed ogre hits you with a +0 great mace!
You block the two-headed ogre's attack. The killer bee stings you.
Unknown command.
You hit the two-headed ogre.
The two-headed ogre is moderately wounded.
You completely miss the killer bee.
The killer bee stings you but does no damage.
The two-headed ogre hits you with a +0 great mace!
* * * LOW HITPOINT WARNING * * *
The two-headed ogre hits you with a +0 giant club!
* * * LOW HITPOINT WARNING * * *
A red film seems to cover your vision as you go berserk!
You feel yourself moving faster!
You feel mighty!
You feel sick.
The killer bee stings you but does no damage.
You block the killer bee's attack.
The two-headed ogre hits you with a +0 great mace!
You die...

#....#........#
#....#........#
#....##.......#
#....##.......#
#.............#
##'####.......#
#....##.......#
#y†O.##.......#
#.@..###+######
#.........
#.........
#....##...
#....# (..
#....# ..
#..... #......


You could see a two-headed ogre and a killer bee.

Vanquished Creatures
  Grinder (D:3)
  A sky beast (D:5)
  An ice beast (D:5)
  4 ogres
  2 phantoms
  3 centaurs
  5 bullfrogs
  3 scorpions
  18 killer bees
  5 wights (D:5)
  5 orc priests
  A jelly (D:7)
  A quasit (D:8)
  2 iguanas
  3 worker ants
  An orc wizard (D:3)
  A hound zombie (D:5)
  A howler monkey zombie (D:5)
  Robin (D:3)
  A howler monkey skeleton (D:4)
  6 adders
  A shadow imp (D:2)
  2 ufetubi
  An ooze (D:4)
  2 adder skeletons
  5 worms
  3 dart slugs
  6 leopard geckos
  26 orcs
  10 bats
  4 giant cockroaches
  9 hobgoblins
  2 jackals (D:1)
  3 quokkas
  A ball python (D:1)
  2 frilled lizards
  20 goblins
  2 jackal skeletons
  9 kobolds
  7 rats
181 creatures vanquished.

Vanquished Creatures (others)
  A human (D:6)
  A fungus (D:7)
  8 plants
10 creatures vanquished.

Grand Total: 191 creatures vanquished

Notes
Turn   | Place    | Note
-------+----------+-------------------------------------------
     0 | D:1      | CrypticCrinoid the Minotaur Berserker began the quest for
                  | the Orb.
     0 | D:1      | Reached XP level 1. HP: 19/19 MP: 0/0
   113 | D:1      | Reached XP level 2. HP: 22/27 MP: 1/1
   335 | D:1      | Reached skill level 4 in Axes
   537 | D:1      | Reached skill level 1 in Shields
   622 | D:1      | Reached XP level 3. HP: 24/33 MP: 2/2
   736 | D:1      | Reached ** piety under Trog
  1047 | D:2      | Found a bloodstained altar of Trog.
  1369 | D:2      | Reached XP level 4. HP: 36/40 MP: 3/3
  1820 | D:2      | Found a blossoming altar of Fedhas.
  2188 | D:3      | Noticed Grinder
  2212 | D:3      | Killed Grinder
  2213 | D:3      | Reached skill level 5 in Axes
  2213 | D:3      | Reached XP level 5. HP: 7/47 MP: 4/4
  2213 | D:3      | Reached XP level 6. HP: 8/53 MP: 5/5
  2516 | D:3      | Noticed Robin
  2528 | D:3      | Killed Robin
  2775 | D:3      | Found an ornate altar of the Wu Jian Council.
  2923 | D:4      | Reached *** piety under Trog
  2924 | D:4      | Reached skill level 6 in Axes
  3089 | D:4      | Found a snail-covered altar of Cheibriados.
  3352 | D:4      | Found Meqidyga's General Store.
  3366 | D:4      | Reached XP level 7. HP: 55/60 MP: 6/6
  3392 | D:4      | Bought a potion of curing for 30 gold pieces
  3392 | D:4      | Bought a scroll of identify for 20 gold pieces
  3688 | D:5      | Entered Level 5 of the Dungeon
  3714 | D:5      | Reached skill level 5 in Fighting
  3728 | D:5      | Reached skill level 7 in Axes
  3743 | D:5      | Reached skill level 5 in Shields
  3917 | D:4      | Bought the cursed +0 pair of gloves "Ridim" {Rampage rC-
                  | Will+ Slay+3} for 197 gold pieces
  3939 | D:5      | Reached XP level 8. HP: 69/69 MP: 7/7
  4159 | D:5      | Reached skill level 5 in Armour
  4177 | D:5      | Reached skill level 8 in Axes
  4541 | D:5      | Found a hide-covered altar of Uskayaw.
  4784 | D:6      | Got a translucent steel amulet
  4790 | D:6      | Identified the amulet "Viaru" {Spirit rElec rPois rN++
                  | Str-2} (You found it on level 6 of the Dungeon)
  4854 | D:6      | Reached **** piety under Trog
  4912 | D:6      | Found a staircase to the Ecumenical Temple.
  4947 | D:6      | Reached skill level 9 in Axes
  5135 | D:6      | Found an ancient bone altar of Kikubaaqudgha.
  5836 | D:7      | Reached XP level 9. HP: 75/75 MP: 8/8
  6470 | D:7      | Found a basalt altar of Yredelemnul.
  6471 | D:7      | Found a sparkling altar of Nemelex Xobeh.
  6567 | D:7      | Found the +7 Singing Sword {vorpal, sonic wave}
  7002 | D:8      | Reached skill level 5 in Dodging
  7043 | D:8      | Reached skill level 10 in Axes
  7058 | D:8      | Found a transporter.
  7073 | D:8      | Identified the amulet "Xyudyz" {Reflect Fragile rN+ Slay+5
                  | SH+5}
  7149 | D:8      | Identified the +4 scale mail "Matyko Fat" {Int-3 Dex+3
                  | Stlth+}
  7207 | D:8      | Found a transporter.
  7207 | D:8      | Noticed Shadow29844's ghost (novice MiFi)
  7344 | D:8      | Noticed a two-headed ogre
  7358 | D:8      | Slain by a two-headed ogre

Illustrated notes

Levels and vault maps discovered:
D:1:      dpeg_arrival_lava_temple_mockup, layout_basic, glass_columns_a,
          grunt_decor_clamped
D:2:      minmay_recursive_quarters, layout_loops_ring, fedhas_ov_isle_minmay,
          grunt_ministairs_11, small_statue_intersection, trog_book
D:3:      layout_rooms, lemuel_doored_altar, uniq_robin, uniq_grinder
D:4:      layout_basic, overflow_temple_1_default, serial_shops, shop
D:5:      layout_basic, kennysheep_little_box, serial_glass, glass_columns_b,
          glass_columns_a
D:6:      layout_basic, minmay_temple_entry_drinking_statues, tgw_kikubaaqudgha
D:7:      old_forge, layout_loops_ring,
          chequers_temple_overflow_statue_of_worship
D:8:      layout_gridville, gammafunk_ghost_gnarly_gnolls, patterned_corridor

Skill      XL: |  1  2  3  4  5  6  7  8  9 |
---------------+----------------------------+-----
Fighting       | 4 5 6 |  6.5
Axes           | 4 5 6 7 9 10 | 10.1
Shields        | 1 3 5 7 9 |  9.1
Armour         | 3 4 5 6 |  6.4
Dodging        | 3 4 5 |  5.1
Stealth        | |  0.2

Action                   |  1- 3 |  4- 6 |  7- 9 || total
-------------------------+-------+-------+-------++-------
Melee: Hand axe          |    74 |   137 |   329 ||   540
       Headbutt          |    12 |    20 |    75 ||   107
Invok: Berserk           |     1 |     1 |     2 ||     4
  Use: Scroll            |       |     4 |     6 ||    10
 Stab: Sleeping          |     1 |       |       ||     1
Armor: Animal skin       |    13 |       |       ||    13
       Chain mail        |     2 |    48 |   149 ||   199
Dodge: Dodged            |    18 |    16 |    61 ||    95
Block: Tower shield      |    49 |    98 |   279 ||   426
